 Dungeon Crawl Stone Soup version 0.22-a0-126-g307c7c3 (webtiles) character file.

196628 Gorice the Severer (level 18, 0/178 HPs)
             Began as a Hill Orc Fighter on Jan 28, 2018.
             Was the Champion of Beogh.
             Slain by a jumping spider (11 damage)
             ... on level 4 of the Spider Nest on Jan 30, 2018.
             The game lasted 02:52:11 (33961 turns).

Gorice the Severer (Hill Orc Fighter)              Turns: 33961, Time: 02:52:13

Health: 0/178      AC: 32    Str: 21    XL:     18   Next: 38%
Magic:  27/27      EV:  7    Int:  9    God:    Beogh [******]
Gold:   2832       SH:  0    Dex: 15    Spells: 10/17 levels left

rFire    . . .     SeeInvis .   a - +1 battleaxe (chop)
rCold    + . .     Gourm    .   (shield currently unavailable)
rNeg     . . .     Faith    .   Q - +3 plate armour {rC+}
rPois    +         Spirit   .   t - +1 helmet
rElec    .         Reflect  .   s - +0 cloak
rCorr    .         Harm     .   T - +0 pair of gloves of Pioqidgh {MR+ Slay+3 Stlth+}
MR       ++...                  C - +0 pair of boots
Stlth    ..........             K - amulet of regeneration
HPRegen  0.79/turn              p - ring of poison resistance
MPRegen  0.20/turn              l - +4 ring of protection

@: very slightly contaminated
A: walk on water
}: 1/15 runes: decaying
a: Smiting, Recall Orcish Followers, Give Item to Named Follower, Resurrection,
Renounce Religion


You were on level 4 of the Spider Nest.
You worshipped Beogh.
Beogh was exalted by your worship.
You were hungry.

You visited 6 branches of the dungeon, and saw 32 of its levels.
You also visited: Labyrinth and Ice Cave.

You collected 3226 gold pieces.
You spent 394 gold pieces at shops.

Inventory:

Hand Weapons
 a - a +1 battleaxe of chopping (weapon)
   (You took it off an orc warrior on level 1 of the Orcish Mines)
 B - a +0 blowgun
Missiles
 N - 9 curare-tipped needles
 O - 7 javelins (quivered)
 W - 3 tomahawks of dispersal
Armour
 s - a +0 cloak (worn)
 t - a +1 helmet (worn)
 C - a +0 pair of boots (worn)
 Q - a +3 plate armour of cold resistance (worn)
   (You took it off Saint Roka on level 2 of the Orcish Mines)
 T - the +0 pair of gloves of Pioqidgh (worn) {MR+ Slay+3 Stlth+}
   (You found it on level 5 of the Lair of Beasts)

   It affects your accuracy and damage with ranged weapons and melee attacks
   (+3).
   It affects your resistance to hostile enchantments.
   It makes you more stealthy.
Jewellery
 c - an uncursed ring of protection from cold
 f - an uncursed ring of protection from fire
 l - a +4 ring of protection (right hand)
 m - an uncursed ring of protection from magic
 p - a ring of poison resistance (left hand)
 D - an uncursed ring of fire
 F - an uncursed ring of flight
 K - an amulet of regeneration (around neck)
Wands
 n - a wand of clouds (5)
 v - a wand of paralysis (41)
 x - a wand of acid (22)
 y - a wand of iceblast (55)
 z - a wand of polymorph (21)
 P - a wand of flame (59)
 Y - a wand of enslavement (48)
 Z - a wand of digging (16)
Scrolls
 h - 3 scrolls of fog
 k - 16 scrolls of teleportation {!r}
 o - 3 scrolls of blinking
 w - a scroll of amnesia
 A - 23 scrolls of identify
 L - 3 scrolls of fear {!r}
 M - 17 scrolls of remove curse
 R - 2 scrolls of magic mapping {!r}
Potions
 d - a potion of might {!q}
 g - 10 potions of curing
 q - a potion of cancellation {!q}
 r - 2 potions of resistance {!q}
 u - a potion of brilliance {!q}
 H - 5 potions of agility {!q}
 I - 9 potions of haste {!q}
 J - 2 potions of heal wounds {!q}
 V - 4 potions of invisibility {!q}
Books
 b - a book of Party Tricks
Miscellaneous
 e - a box of beasts
Comestibles
 j - 57 rations


   Skills:
 - Level 20.0 Fighting
 - Level 20.1 Axes
 + Level 17.2 Armour
   Level 3.2 Shields
 - Level 12.0 Invocations
 - Level 12.0 Evocations


You had 10 spell levels left.
You knew the following spells:

 Your Spells              Type           Power        Failure   Level  Hunger
p - Portal Projectile     Hex/Tloc       #.....       100%        3    ####...
A - Apportation           Tloc           #.....       98%         1    ##.....
R - Regeneration          Chrm/Necr      #.........   100%        3    ####...


Dungeon Overview and Level Annotations

Branches:
Dungeon (15/15)            Temple (1/1) D:5            Lair (6/6) D:10
  Swamp (4/4) Lair:3       Spider (4/4) Lair:3        Slime (0/5) Lair:5
    Orc (2/2) D:9             Elf (0/3) Orc:2        Vaults (0/5) D:13
 Depths (0/5) D:15

Altars:
Ashenzari
Cheibriados
Dithmenos
Elyvilon
Fedhas
Gozag
Hepliaklqana
Kikubaaqudgha
Makhleb
Nemelex Xobeh
Okawaru
Qazlal
Ru
Sif Muna
Trog
Uskayaw
Vehumet
Wu Jian
Xom
Yredelemnul
Zin
The Shining One
Jiyva

Shops:
D:4 [   D:11 *[(!=   D:12 *   Orc:2 (:[*

Portals:
Hell: Lair:6


Message History

* * * LOW HITPOINT WARNING * * *
The jumping spider bites you.
* * * LOW HITPOINT WARNING * * *
There is a web, spattered with blood here.
Damage: 21 (max 69) Unknown command.
Unknown command.
Unknown command.
Unknown command.
Unknown command.
You disentangle yourself.
The jumping spider pounces on you but does no damage.
The jumping spider bites you.
* * * LOW HITPOINT WARNING * * *
The wolf spider hits you but does no damage.
The wolf spider bites you.
* * * LOW HITPOINT WARNING * * *
The jumping spider barely misses you.
The jumping spider bites you but does no damage.
The wolf spider hits you.
* * * LOW HITPOINT WARNING * * *
The wolf spider bites you.
* * * LOW HITPOINT WARNING * * *
Damage: 19 (max 69) Unknown command.
Unknown command.
Unknown command.
Unknown command.
Unknown command.
Blink to where?
Press: ? - help, Dir - move target cursor You are very lightly contaminated with residual magic.
As you read the scroll of blinking, it crumbles to dust.
The jumping spider rages.
The jumping spider pounces on you but does no damage.
The jumping spider bites you but does no damage.
A redback comes into view.
The jumping spider pounces on you but does no damage.
The jumping spider bites you.
* * * LOW HITPOINT WARNING * * *
Damage: 2 (max 2)
The jumping spider barely misses you.
The jumping spider bites you but does no damage.
You slash the redback!
The redback is moderately wounded.
You slice the jumping spider!! The jumping spider pounces on you!
* * * LOW HITPOINT WARNING * * *
The jumping spider bites you but does no damage.
The jumping spider pounces on you!
You die...

###...#.#.###.^.# #..##^..#...#
#.^.....^#.#....###.#....###..#
#..##..#....).###.##...#^.##^.^
#...######....#......#..^####..
##..####^####.#..#...#....###..
##^..#.....#..#..########...##.
#..^##...^.^#.##...#.#.#.#^.^##
##.#.##.#.#).s..#....^....##..#
#.^.........#@s.#.........#^..
#..#...s###.####^..##.###..#..
####^.#^#.#.#..###..##≈.#≈^†##
####.^^^.s..........≈...#..≈^
#.≈.[.s#.^##....#^..^≈.....^≈
###.#ss.s.#..............^.#.^.
#^≈^.^.....#.........###.^.....
#^≈.#s#.....≈≈≈≈≈≈≈≈≈≈†....^..^^
##^ #..#...≈≈≈≈≈≈≈≈≈≈≈)≈≈.#...^.


You could see a jumping spider (berserk) and a redback.

Vanquished Creatures
  An Ice Fiend (IceCv)
  The ghost of Gorice the Impregnable, an adept HOGl of Beogh (Spider:1)
  A sphinx (D:11)
  2 thorn hunters
  2 ghost moths
  2 emperor scorpions
  An orc warlord (Orc:2)
  2 entropy weavers
  4 spark wasps
  A yaktaur captain (D:11)
  A minotaur (Lab)
  The ghost of sankara the Fighter, a journeyman DrCj of Sif Muna (D:11)
  19 hydras
  2 ghost crabs (Swamp:4)
  An anaconda (shapeshifter) (D:15)
  6 centaur warriors
  5 two-headed ogres
  16 alligators
  6 death yaks
  A tengu warrior (D:13)
  Sonja (D:15)
  A deep troll (D:13)
  2 shambling mangroves (Swamp:4)
  8 swamp dragons
  3 unseen horrors
  A spriggan druid (Swamp:4)
  A phantasmal warrior (D:11)
  A glowing orange brain (D:15)
  2 wizards
  13 orb spiders
  7 ugly things
  A deep elf mage (D:10)
  26 wolf spiders
  An orc sorcerer (Orc:2)
  3 cyclopes
  A cyclops (shapeshifter) (D:15)
  2 manticores
  An ice statue (IceCv)
  8 elephants
  2 gargoyles
  3 torpor snails
  3 black mambas
  Psyche (D:10)
  Joseph (D:7)
  An orange demon (Lair:6)
  13 spiny frogs
  The ghost of wintastic the Spear-Bearer, a novice MfSk of Okawaru (D:5)
  4 freezing wraiths
  4 komodo dragons
  An efreet (D:15)
  9 demonic crawlers
  4 rime drakes
  A tengu conjurer (D:13)
  An anaconda simulacrum (IceCv)
  4 ice devils (IceCv)
  A wind drake (shapeshifter) (D:15)
  23 jumping spiders
  4 trolls
  A hellwing (Lair:6)
  6 tyrant leeches
  Prince Ribbit (D:6)
  17 hornets
  8 blink frogs
  18 slime creatures
  3 hippogriffs
  4 bog bodies
  9 spriggans
  3 dire elephant simulacra (IceCv)
  59 redbacks
  2 shadows
  26 tarantellas
  3 wraiths
  4 wyverns
  14 vampire mosquitoes
  40 yaks
  2 basilisks
  Grum (D:8)
  2 hungry ghosts
  9 insubstantial wisps
  2 wargs (Orc:1)
  6 harpy simulacra (IceCv)
  A soldier ant (D:12)
  2 acid dragons
  16 swamp worms
  10 water moccasins
  3 hell hounds (Lair:6)
  7 porcupines
  Duvessa (D:5)
  3 hydra simulacra (IceCv)
  11 orc warriors
  12 swamp drakes
  2 alligator simulacra (IceCv)
  A black bear (shapeshifter) (D:15)
  4 ice beasts
  4 phantoms
  An eye of draining (D:10)
  2 black bears
  4 ogres
  3 sky beasts
  33 wolves
  9 crocodiles
  17 centaurs
  3 big kobolds
  12 bullfrogs
  Dowan (D:5)
  A wyvern zombie (D:12)
  5 scorpions
  An elephant simulacrum (IceCv)
  7 killer bees
  3 wights
  3 electric eels
  10 crimson imps
  A bullfrog zombie (D:5)
  5 draconian simulacra (IceCv)
  8 hounds
  2 quasits
  7 jellies
  4 centaur skeletons
  5 orc priests
  A bullfrog skeleton (D:13)
  A gnoll shaman (D:9)
  9 orc wizards
  6 iguanas
  4 hell rats (Lair:1)
  13 worker ants
  6 troll simulacra (IceCv)
  3 killer bee zombies
  4 centaur simulacra (IceCv)
  3 hound zombies
  A howler monkey zombie (D:10)
  16 gnolls
  8 adders
  3 ogre simulacra (IceCv)
  2 river rats (Lair:1)
  3 shadow imps
  2 white imps (IceCv)
  7 ufetubi (IceCv)
  2 adder zombies
  5 worms
  6 dart slugs
  4 leopard geckos
  26 orcs
  6 giant cockroaches
  7 goblins
  6 hobgoblins
  3 jackals
  17 kobolds
  5 quokkas
  2 ball pythons
  12 bats
  9 frilled lizards
  3 leopard gecko skeletons
  2 quokka skeletons
  9 rats
  5 briar patches (Swamp:3)
  3 fungi
927 creatures vanquished.

Vanquished Creatures (collateral kills)
  Saint Roka (Orc:2)
  A tentacled monstrosity (Swamp:2)
  A thorn hunter (Swamp:3)
  2 orc warlords (Orc:1)
  A two-headed ogre (D:11)
  2 alligators
  A hydra (Lair:3)
  2 orc high priests (Orc:2)
  A sun demon (Lair:6)
  A swamp dragon (Swamp:4)
  A deep troll (D:14)
  3 orc knights
  A wolf spider (Spider:1)
  2 orb spiders
  An ugly thing (D:15)
  2 orc sorcerers (Orc:2)
  A salamander (shapeshifter) (D:15)
  6 elephants
  2 black mambas
  A gargoyle (D:11)
  4 spiny frogs
  A centaur skeleton (D:14)
  An orange demon (Lair:6)
  2 anaconda simulacra (IceCv)
  2 rime drakes
  6 komodo dragons
  A demonic crawler (Spider:4)
  An efreet (D:11)
  3 ice devils (Lair:6)
  2 trolls
  A jumping spider (Spider:4)
  2 slime creatures
  A polar bear (Lair:6)
  A tyrant leech (Lair:3)
  4 hippogriffs
  9 blink frogs
  A centaur simulacrum (D:15)
  2 redbacks
  A spriggan (Swamp:2)
  15 yaks
  A wyvern (Lair:6)
  A fire elemental (Orc:2)
  3 vampire mosquitoes
  4 insubstantial wisps
  A warg (Orc:2)
  An acid dragon (D:15)
  7 swamp worms
  A hell hound (Lair:6)
  6 water moccasins
  11 orc warriors
  3 porcupines
  A black bear (Lair:4)
  A necrophage (D:12)
  An ogre (Orc:1)
  13 wolves
  2 centaurs
  6 crocodiles
  4 bullfrogs
  3 wights (D:11)
  A bullfrog zombie (D:11)
  4 orc priests (Orc:2)
  8 orc wizards (Orc:2)
  A hell rat (Lair:1)
  An adder (D:12)
  A naga simulacrum (IceCv)
  A shadow imp (D:11)
  A white imp (IceCv)
  5 orcs
  2 jackals (D:11)
  2 kobolds (D:11)
  2 rats (Lair:1)
  2 fungi
194 creatures vanquished.

Vanquished Creatures (others)
  An orc warlord (Orc:2)
  The ghost of wintastic the Bludgeoner, a journeyman DsGl of Okawaru (D:11)
  An alligator (Swamp:4)
  5 orc knights
  3 orc sorcerers
  14 orc warriors
  2 redbacks
  A swamp worm (Swamp:4)
  11 orc wizards
  20 orc priests
  An iguana (D:8)
  An ufetubus (IceCv)
  42 orcs
  6 fungi
109 creatures vanquished.

Grand Total: 1230 creatures vanquished

Notes
Turn   | Place    | Note
-------+----------+-------------------------------------------
     0 | D:1      | Gorice the Hill Orc Fighter began the quest for the Orb.
     0 | D:1      | Reached XP level 1. HP: 19/19 MP: 1/1
    31 | D:1      | Reached skill level 3 in Axes
   110 | D:1      | Reached XP level 2. HP: 26/26 MP: 2/2
   429 | D:1      | Reached skill level 4 in Axes
   434 | D:1      | Reached XP level 3. HP: 28/31 MP: 3/3
   975 | D:2      | Reached skill level 4 in Armour
   975 | D:2      | Reached XP level 4. HP: 37/39 MP: 4/4
  1064 | D:2      | Reached skill level 5 in Axes
  1290 | D:2      | Found a faded altar of an unknown god.
  1736 | D:3      | Found a sparkling altar of Nemelex Xobeh.
  1736 | D:3      | Found a deep blue altar of Sif Muna.
  1738 | D:3      | Found a glowing silver altar of Zin.
  1738 | D:3      | Noticed a big kobold
  1740 | D:3      | Found a transporter.
  1922 | D:3      | Found a sacrificial altar of Ru.
  2089 | D:3      | Found a transporter.
  2324 | D:3      | Reached XP level 5. HP: 32/45 MP: 5/5
  2329 | D:3      | Killed a big kobold
  2329 | D:3      | Reached skill level 6 in Axes
  2551 | D:4      | Reached XP level 6. HP: 39/51 MP: 6/6
  2557 | D:4      | Reached skill level 7 in Axes
  2557 | D:4      | Reached skill level 5 in Armour
  2761 | D:4      | Found a white marble altar of Elyvilon.
  2878 | D:4      | Found an opulent altar of Gozag.
  2926 | D:4      | Reached skill level 8 in Axes
  2926 | D:4      | Reached XP level 7. HP: 57/57 MP: 7/7
  3176 | D:4      | Found Zusytoan's Armour Shop.
  3318 | D:5      | Entered Level 5 of the Dungeon
  3511 | D:5      | Found a staircase to the Ecumenical Temple.
  3516 | D:5      | Reached skill level 9 in Axes
  3516 | D:5      | Reached skill level 6 in Armour
  3534 | D:5      | Noticed Duvessa
  3534 | D:5      | Noticed Dowan
  3552 | D:5      | Killed Duvessa
  3554 | D:5      | Killed Dowan
  3606 | Temple   | Entered the Ecumenical Temple
  3892 | D:5      | Noticed wintastic's ghost (novice MfSk)
  3904 | D:5      | Reached XP level 8. HP: 64/64 MP: 8/8
  3941 | D:5      | HP: 17/64 [wintastic's ghost (5)]
  3943 | D:5      | Killed wintastic's ghost
  3943 | D:5      | Reached skill level 10 in Axes
  3943 | D:5      | Reached skill level 7 in Armour
  4513 | D:5      | Found a blossoming altar of Fedhas.
  4609 | D:6      | Reached skill level 11 in Axes
  4896 | D:6      | Found a shadowy altar of Dithmenos.
  5158 | D:6      | Noticed Prince Ribbit
  5178 | D:6      | Killed Prince Ribbit
  5178 | D:6      | Reached skill level 12 in Axes
  5178 | D:6      | Reached XP level 9. HP: 65/70 MP: 9/9
  5274 | D:6      | Reached skill level 8 in Armour
  5948 | D:7      | Noticed Joseph
  5986 | D:7      | Killed Joseph
  5986 | D:7      | Reached skill level 13 in Axes
  6281 | D:7      | Reached skill level 9 in Armour
  6767 | D:8      | Noticed Grum
  6781 | D:8      | Killed Grum
  6781 | D:8      | Reached skill level 14 in Axes
  6786 | D:8      | Reached XP level 10. HP: 40/77 MP: 10/10
  7013 | D:8      | Became a worshipper of Beogh the Brigand
  7059 | D:8      | HP: 22/77 [something (8)]
  7065 | D:8      | HP: 21/77 [something (3)]
  7066 | D:8      | Killed an unseen horror
  7066 | D:8      | Reached skill level 15 in Axes
  7886 | D:9      | Noticed a two-headed ogre
  7891 | D:8      | Reached skill level 10 in Armour
  7928 | D:8      | Reached * piety under Beogh
  8117 | D:8      | Killed a two-headed ogre
  8382 | D:9      | Found a staircase to the Orcish Mines.
  8419 | D:9      | Reached skill level 11 in Armour
  8448 | D:9      | Reached skill level 16 in Axes
  8448 | D:9      | Reached XP level 11. HP: 81/82 MP: 11/11
  8463 | D:9      | Reached skill level 4 in Fighting
  8543 | D:9      | Reached skill level 5 in Fighting
  8576 | D:9      | Reached ** piety under Beogh
  8699 | D:9      | Found a stormy altar of Qazlal.
  8898 | D:10     | Entered Level 10 of the Dungeon
  8918 | D:10     | Noticed a two-headed ogre
  8926 | D:10     | Killed a two-headed ogre
  8926 | D:10     | Reached skill level 6 in Fighting
  9012 | D:10     | Noticed Psyche
  9016 | D:10     | Killed Psyche
  9025 | D:10     | Noticed a death yak
  9045 | D:10     | Killed a death yak
  9045 | D:10     | Reached skill level 7 in Fighting
  9097 | D:10     | Noticed a death yak
  9097 | D:10     | Noticed a death yak
  9098 | D:10     | Noticed a death yak
  9098 | D:10     | Noticed a death yak
  9099 | D:10     | Found a staircase to the Lair.
  9099 | D:10     | Noticed a death yak
  9155 | D:9      | Killed a death yak
  9345 | D:10     | Found a runed door.
  9387 | D:10     | Reached skill level 8 in Fighting
  9467 | D:10     | Reached skill level 12 in Armour
  9660 | D:10     | Killed a death yak
  9660 | D:10     | Reached skill level 9 in Fighting
  9671 | D:10     | Killed a death yak
  9674 | D:10     | Killed a death yak
  9678 | D:10     | Killed a death yak
  9678 | D:10     | Reached skill level 10 in Fighting
  9678 | D:10     | Reached XP level 12. HP: 77/106 MP: 12/12
 10082 | D:10     | Found a runed door.
 10256 | D:10     | Noticed a two-headed ogre
 10283 | D:10     | Killed a two-headed ogre
 10292 | D:10     | Reached skill level 11 in Fighting
 10319 | D:10     | Reached *** piety under Beogh
 10682 | Lair:1   | Entered Level 1 of the Lair of Beasts
 10713 | Lair:1   | Reached skill level 13 in Armour
 11002 | Lair:1   | Reached skill level 12 in Fighting
 11264 | Lair:1   | Identified a scroll of acquirement
 11628 | Lair:2   | Reached **** piety under Beogh
 12170 | Lair:3   | Found a labyrinth entrance.
 12189 | Lab      | Entered a labyrinth
 12401 | Lab      | Noticed a minotaur
 12415 | Lab      | Killed a minotaur
 12415 | Lab      | Reached skill level 13 in Fighting
 12420 | Lab      | Got a bloodstained leather armour
 12426 | Lab      | Identified the Disquisition on Enhancements
 12427 | Lab      | Found the +7 Spriggan's Knife {MR+ EV+4 Dex+4 Stlth+}
 12437 | Lab      | Identified the Collected Works on the Traveller
 12442 | Lab      | Learned a level 1 spell: Apportation
 12446 | Lab      | Learned a level 3 spell: Portal Projectile
 12450 | Lab      | Learned a level 3 spell: Regeneration
 12643 | Lair:3   | Found a hole to the Spider Nest.
 12827 | Lair:3   | Reached skill level 1 in Invocations
 12943 | Lair:3   | Noticed a five-headed hydra
 12947 | Lair:3   | Killed a five-headed hydra
 12947 | Lair:3   | Reached skill level 2 in Invocations
 13087 | Lair:3   | Reached skill level 3 in Invocations
 13195 | Lair:3   | Noticed an eight-headed hydra
 13198 | Lair:3   | Reached XP level 13. HP: 121/122 MP: 15/15
 13208 | Lair:3   | Reached skill level 14 in Armour
 13208 | Lair:3   | Reached skill level 4 in Invocations
 13434 | Lair:3   | Reached skill level 5 in Invocations
 13450 | Lair:3   | Found a staircase to the Swamp.
 13652 | Lair:4   | Gained Bogmar as an ally
 13663 | Lair:4   | Reached ***** piety under Beogh
 13679 | Lair:4   | Reached skill level 6 in Invocations
 14146 | Lair:4   | Reached skill level 7 in Invocations
 14417 | Lair:5   | Got a pair of dazzling gloves
 14428 | Lair:5   | Identified the +0 pair of gloves of Pioqidgh {MR+ Slay+3 Stlth+} (You found it on level 5 of the Lair of Beasts)
 14565 | Lair:5   | Reached skill level 8 in Invocations
 14751 | Lair:5   | Reached skill level 15 in Armour
 14982 | Lair:5   | Found a runed door.
 14983 | Lair:5   | Found a viscous altar of Jiyva.
 14983 | Lair:5   | Found a staircase to the Slime Pits.
 15511 | Lair:6   | Entered Level 6 of the Lair of Beasts
 15770 | Lair:6   | Reached skill level 14 in Fighting
 15879 | Lair:6   | Reached XP level 14. HP: 131/132 MP: 20/20
 16037 | Lair:6   | Reached ****** piety under Beogh
 16037 | Lair:6   | Reached skill level 16 in Armour
 16206 | Lair:6   | Reached skill level 1 in Evocations
 16282 | Lair:6   | Reached skill level 15 in Fighting
 16282 | Lair:6   | Reached skill level 2 in Evocations
 16406 | Lair:6   | Reached skill level 3 in Evocations
 16766 | Lair:6   | Found a burning altar of Makhleb.
 16804 | Lair:6   | Reached skill level 4 in Evocations
 16817 | Lair:6   | Found a gateway to Hell.
 17073 | Orc:1    | Entered Level 1 of the Orcish Mines
 17074 | Orc:1    | Noticed an orc warlord
 17086 | Orc:1    | Killed an orc warlord
 17199 | Orc:1    | Noticed an orc warlord
 17217 | Orc:1    | Killed an orc warlord
 17648 | Orc:2    | Entered Level 2 of the Orcish Mines
 17653 | Orc:2    | Noticed Saint Roka
 17670 | Orc:2    | Killed Saint Roka
 17670 | Orc:2    | Reached skill level 5 in Evocations
 17850 | Orc:2    | Noticed an orc warlord
 17853 | Orc:2    | Reached skill level 16 in Fighting
 17857 | Orc:2    | Gained Bolgrim as an ally
 17870 | Orc:2    | Killed an orc warlord
 17870 | Orc:2    | Reached skill level 6 in Evocations
 17870 | Orc:2    | Gained Rocco as an ally
 17870 | Orc:2    | Your ally Bogmar died
 17872 | Orc:2    | Gained Zartorak as an ally
 17884 | Orc:2    | Your ally Bolgrim died
 17922 | Orc:2    | Found Apada's Antique Armour Shop.
 17923 | Orc:2    | Found Ohagrat's Antique Weapon Boutique.
 17926 | Orc:2    | Found Xykatze's General Store.
 17926 | Orc:2    | Found Qeg Vyf's Book Shop.
 18252 | Orc:2    | Found a staircase to the Elven Halls.
 18404 | Orc:2    | Found a shimmering altar of Xom.
 18999 | D:11     | Noticed wintastic's ghost (journeyman DsGl)
 19007 | D:11     | Noticed sankara's ghost (journeyman DrCj)
 19022 | D:11     | Killed wintastic's ghost
 19036 | D:11     | Killed sankara's ghost
 19078 | D:11     | Found Iketh's Distillery.
 19100 | D:11     | HP: 29/137 [efreet/fireball (15)]
 19100 | D:11     | Reached XP level 15. HP: 30/144 MP: 21/21
 19197 | D:11     | Bought a potion of brilliance for 56 gold pieces
 19197 | D:11     | Bought a potion of heal wounds for 70 gold pieces
 19197 | D:11     | Bought a potion of heal wounds for 70 gold pieces
 19197 | D:11     | Bought a potion of haste for 140 gold pieces
 19377 | D:11     | Found Meploune's Antique Weapon Emporium.
 19436 | D:11     | Found Ohepreus's General Store.
 19473 | D:11     | Reached skill level 7 in Evocations
 19489 | D:11     | Found Mier's Antique Armour Shop.
 19522 | D:11     | Gained Murdo as an ally
 19527 | D:11     | Your ally Murdo died
 19547 | D:11     | Noticed a sphinx
 19554 | D:11     | Killed a sphinx
 19561 | D:11     | Gained Oruk as an ally
 19616 | D:11     | Found Sody's Jewellery Shop.
 20201 | D:4      | Bought a +0 cloak for 58 gold pieces
 20351 | D:12     | Gained Milork as an ally
 20460 | D:12     | Reached skill level 8 in Evocations
 20534 | D:12     | Found a white marble altar of Elyvilon.
 20579 | D:12     | Found Boebod's Assorted Antiques.
 20586 | D:12     | Reached skill level 17 in Axes
 20586 | D:12     | Gained Nordag as an ally
 20878 | D:13     | Your ally Milork died
 20881 | D:13     | Your ally Nordag died
 21203 | D:13     | Reached skill level 9 in Invocations
 21425 | D:13     | Gained Norbak as an ally
 21567 | D:13     | Found a gate to the Vaults.
 22333 | D:15     | Entered Level 15 of the Dungeon
 22333 | D:15     | Noticed Sonja
 22338 | D:15     | Killed Sonja
 22422 | D:15     | Reached skill level 10 in Invocations
 22692 | D:15     | Reached skill level 18 in Axes
 22757 | D:15     | Reached skill level 11 in Invocations
 22790 | D:15     | Your ally Norbak died
 22960 | D:15     | Found a staircase to the Depths.
 23530 | Swamp:1  | Entered Level 1 of the Swamp
 23615 | Swamp:1  | Reached XP level 16. HP: 106/151 MP: 24/24
 23848 | Swamp:1  | Reached skill level 12 in Invocations
 24112 | Swamp:1  | Reached skill level 19 in Axes
 24113 | Swamp:1  | Gained Arbolt as an ally
 24792 | Swamp:2  | Your ally Arbolt died
 25012 | Swamp:2  | Noticed a thorn hunter
 25021 | Swamp:2  | Killed a thorn hunter
 25275 | Swamp:2  | Noticed a tentacled monstrosity
 25301 | Swamp:2  | Killed a tentacled monstrosity
 25301 | Swamp:2  | Reached skill level 20 in Axes
 25559 | Swamp:3  | Noticed a thorn hunter
 25573 | Swamp:3  | HP: 39/151 [thorn hunter (14)]
 25574 | Swamp:3  | HP: 17/151 [thorn hunter/volley of thorns (23)]
 25576 | Swamp:3  | Killed a thorn hunter
 25648 | Swamp:3  | Gained Olfrun as an ally
 26076 | Swamp:3  | Upgraded the game from 0.22-a0-113-gdd6f4a9 to 0.22-a0-117-g314b907
 26103 | Swamp:3  | Reached skill level 9 in Evocations
 26392 | Swamp:4  | Entered Level 4 of the Swamp
 26473 | Swamp:4  | Found a frozen archway.
 26491 | IceCv    | Entered an ice cave
 26871 | IceCv    | Reached skill level 10 in Evocations
 26997 | IceCv    | Noticed an Ice Fiend
 27017 | IceCv    | HP: 65/226 [freezing wraith (3)]
 27020 | IceCv    | Killed an Ice Fiend
 27022 | IceCv    | HP: 44/226 [elephant simulacrum (8)]
 27211 | IceCv    | Got a crude whip
 27498 | Swamp:4  | Your ally Olfrun died
 27560 | Swamp:4  | Reached skill level 11 in Evocations
 27721 | Swamp:4  | Gained Bogfrid as an ally
 27742 | Swamp:4  | Your ally Bogfrid died
 27757 | Swamp:4  | HP: 36/151 [alligator (17)]
 27758 | Swamp:4  | HP: 15/151 [alligator (5)]
 27991 | Swamp:4  | Reached XP level 17. HP: 131/158 MP: 26/26
 28082 | Swamp:4  | Gained Geork as an ally
 28153 | Swamp:4  | Your ally Geork died
 28192 | Swamp:4  | Reached skill level 12 in Evocations
 28497 | Swamp:4  | Reached skill level 17 in Fighting
 28973 | Swamp:4  | Got a decaying rune of Zot
 29227 | Spider:1 | Entered Level 1 of the Spider Nest
 29249 | Spider:1 | Noticed Gorice's ghost (adept HOGl)
 29447 | Spider:1 | Killed Gorice's ghost
 29901 | Spider:1 | Reached skill level 18 in Fighting
 30999 | Spider:1 | HP: 47/166 [entropy weaver (5)]
 31004 | Spider:1 | HP: 42/166 [poisoned by a redback]
 31009 | Spider:1 | HP: 42/166 [poisoned by a redback]
 31015 | Spider:1 | HP: 42/166 [poisoned by a redback]
 31022 | Spider:1 | HP: 45/166 [poisoned by a redback]
 31029 | Spider:1 | HP: 48/166 [poisoned by a redback]
 31325 | Spider:1 | Reached skill level 19 in Fighting
 31468 | Spider:2 | Gained Blodwig as an ally
 31613 | Spider:2 | Your ally Blodwig died
 31660 | Spider:2 | HP: 49/168 [poisoned by a wolf spider]
 31665 | Spider:2 | HP: 45/168 [poisoned by a wolf spider]
 31670 | Spider:2 | HP: 43/168 [poisoned by a wolf spider]
 31675 | Spider:2 | HP: 42/168 [poisoned by a wolf spider]
 31680 | Spider:2 | HP: 43/168 [poisoned by a wolf spider]
 31687 | Spider:2 | HP: 45/168 [poisoned by a wolf spider]
 31694 | Spider:2 | HP: 49/168 [poisoned by a wolf spider]
 32240 | Spider:3 | Reached XP level 18. HP: 123/178 MP: 27/27
 32547 | Spider:3 | Reached skill level 20 in Fighting
 32913 | Spider:4 | Entered Level 4 of the Spider Nest
 33374 | Spider:4 | Gained Bogmar as an ally
 33491 | Spider:4 | Your ally Bogmar died
 33536 | Spider:4 | Gained Okrist as an ally
 33536 | Spider:4 | Reached skill level 17 in Armour
 33542 | Spider:4 | HP: 51/178 [spark wasp (16)]
 33543 | Spider:4 | HP: 14/178 [wolf spider (14)]
 33548 | Spider:4 | HP: 14/178 [poisoned by a wolf spider]
 33553 | Spider:4 | HP: 13/178 [poisoned by a wolf spider]
 33558 | Spider:4 | HP: 13/178 [poisoned by a wolf spider]
 33564 | Spider:4 | HP: 15/178 [poisoned by a wolf spider]
 33569 | Spider:3 | HP: 17/178 [poisoned by a wolf spider]
 33577 | Spider:3 | HP: 21/178 [poisoned by a wolf spider]
 33777 | Spider:3 | Upgraded the game from 0.22-a0-117-g314b907 to 0.22-a0-126-g307c7c3
 33844 | Spider:4 | Your ally Okrist died
 33953 | Spider:4 | HP: 48/178 [jumping spider (18)]
 33959 | Spider:4 | HP: 26/178 [jumping spider (3)]
 33961 | Spider:4 | HP: 11/178 [jumping spider (16)]
 33961 | Spider:4 | Slain by a jumping spider

Vault maps used:
D:1:      dpeg_chamrin_arrival_tetris
D:2:      chequers_ecumenical_altar_simple
D:3:      gammafunk_temple_overflow_arena, nicolae_ru_awakened_eye
D:4:      lemuel_crystal_altar, lemuel_doored_altar, serial_shops, shop
D:5:      temple_fountains, basic_altar, first_ration, uniq_duvessa
D:6:      kennysheep_six_static_rooms, minmay_statues_item,
          grunt_dithmenos_smoke_and_mirrors, uniq_prince_ribbit1
D:7:      uniq_joseph
D:8:      uniq_grum
D:9:      nicolae_qazlal_style_of_elements, david_orc_2
D:10:     cheibrodos_histonic, dpeg_lair_monsters, the_bakery, uniq_psyche
D:11:     minmay_glassy_protrusions, serial_shops, shop, shop,
          kennysheep_mini_moat, shop, shop
D:12:     basic_altar, serial_shops, shop
D:13:     david_vaults_4
D:14:     minivault_4
D:15:     gammafunk_enter_depths_forms, minmay_misc_feat_x,
          minmay_misc_feat_rows, uniq_sonja
Temple:   eino_temple_rhombus
Lair:1:   kennysheep_abandoned_house
Lair:3:   minmay_swamp_entry_worms, dummy_spider_entry, lab_entry_generic
Lair:4:   grunt_forest_large_clearings
Lair:5:   slime_altar_2, serial_bayou_shore_a
Lair:6:   evil_forest, st_stairs_6
Swamp:1:  evilmike_swamp_ruin_wall
Swamp:2:  cheibrodos_swamp_monstrosity, nicolae_swamp_stair_fork, swamp_pool1
Swamp:3:  nicolae_swamp_orc_logging_accident, infiniplex_staircase_pool
Swamp:4:  swamp, portal_ice_cave_entry_pillars_2
Spider:2: spider_trap
Spider:4: grunt_spider_rune_island
Orc:1:    nicolae_orc_accident_3
Orc:2:    st_orc_congregation, basic_altar, nicolae_orc_lava_tube,
          uniq_saint_roka
Lab:      nicolae_lab_dead_adventurers
IceCv:    ice_cave_caverns_02

Skill      XL: |  1  2  3  4  5  6  7  8  9 10 11 12 13 14 15 16 17 18 |
---------------+-------------------------------------------------------+-----
Axes           | 3 4 5 6 8 9 12 14 16 18 20 | 20.1
Armour         | 4 5 6 7 9 11 12 13 15 16 17 | 17.2
Fighting       | 10 13 14 16 19 20 | 20.0
Invocations    | 3 8 11 12 | 12.0
Evocations     | 6 8 11 12 | 12.0
Shields        | |  3.2

Action                   |  1- 3 |  4- 6 |  7- 9 | 10-12 | 13-15 | 16-18 || total
-------------------------+-------+-------+-------+-------+-------+-------++-------
Melee: War axe           |   108 |   206 |   377 |   714 |   540 |       ||  1945
       Battleaxe         |       |       |       |       |   447 |  1028 ||  1475
       Broad axe         |       |       |       |       |     7 |   232 ||   239
 Fire: Hunting sling     |       |       |    13 |       |       |       ||    13
Throw: Stone             |     5 |       |       |       |       |       ||     5
       Javelin           |       |       |       |    10 |       |    16 ||    26
       Tomahawk          |       |       |       |       |       |     1 ||     1
Invok: Convert to Beogh  |       |       |       |     1 |       |       ||     1
       Smiting           |       |       |       |       |     6 |     1 ||     7
       Give Item to Name |       |       |       |       |     1 |     1 ||     2
       Recall Orcish Fol |       |       |       |       |     1 |       ||     1
 Abil: Evoke Berserk Rag |       |       |       |     1 |       |       ||     1
Evoke: Wand              |       |       |       |     6 |     4 |    22 ||    32
  Use: Scroll            |       |    10 |    11 |     9 |     6 |     3 ||    39
       Potion            |       |       |       |       |       |     5 ||     5
 Stab: Distracted        |       |       |       |     1 |    10 |     8 ||    19
       Paralysed         |       |       |       |       |     2 |     1 ||     3
       Confused          |       |       |       |       |     1 |     2 ||     3
  Eat: Chunk             |       |     7 |     8 |    19 |    34 |    31 ||    99
       Ration            |       |       |     3 |     1 |       |     1 ||     5
Armor: Scale mail        |    51 |   119 |    26 |       |       |       ||   196
       Chain mail        |       |       |   126 |    89 |       |       ||   215
       Plate armour      |       |       |       |   232 |   788 |  1436 ||  2456
Dodge: Dodged            |    25 |    62 |    62 |   111 |   236 |   475 ||   971
Block: Shield            |    45 |    98 |   131 |   261 |   223 |       ||   758

Table legend:
 A = Spawn XP
 B = Non-spawn XP
 C = Spawn XP percentage of total XP
 D = Spawn monster count
 E = Non-spawn monster count
 F = Spawn count percentage of total count
 G = Total turns spent on level
                    A         B        C        D         E        F      G
               +---------+---------+-------+---------+---------+-------+---------
         Total |       0 |  271570 |   0.0 |       0 |    1114 |   0.0 | 33961
               +---------+---------+-------+---------+---------+-------+---------
           D:1 |       0 |      46 |   0.0 |       0 |      31 |   0.0 |   906
           D:2 |       0 |      79 |   0.0 |       0 |      22 |   0.0 |   765
           D:3 |       0 |     190 |   0.0 |       0 |      23 |   0.0 |   845
           D:4 |       0 |     394 |   0.0 |       0 |      23 |   0.0 |   873
           D:5 |       0 |    1083 |   0.0 |       0 |      16 |   0.0 |  1138
           D:6 |       0 |    1331 |   0.0 |       0 |      32 |   0.0 |  1141
           D:7 |       0 |    1010 |   0.0 |       0 |      11 |   0.0 |  1051
           D:8 |       0 |    4278 |   0.0 |       0 |      45 |   0.0 |  1651
           D:9 |       0 |    2965 |   0.0 |       0 |      29 |   0.0 |   642
          D:10 |       0 |   11357 |   0.0 |       0 |      44 |   0.0 |  1856
          D:11 |       0 |   11845 |   0.0 |       0 |      44 |   0.0 |  1197
          D:12 |       0 |    3309 |   0.0 |       0 |      20 |   0.0 |   490
          D:13 |       0 |    5953 |   0.0 |       0 |      23 |   0.0 |   869
          D:14 |       0 |    5132 |   0.0 |       0 |      17 |   0.0 |   668
          D:15 |       0 |   15545 |   0.0 |       0 |      42 |   0.0 |  1013
        Lair:1 |       0 |    3050 |   0.0 |       0 |      31 |   0.0 |  1422
        Lair:2 |       0 |    2285 |   0.0 |       0 |      13 |   0.0 |   668
        Lair:3 |       0 |    5825 |   0.0 |       0 |      23 |   0.0 |  1217
        Lair:4 |       0 |    5181 |   0.0 |       0 |      44 |   0.0 |   883
        Lair:5 |       0 |    8346 |   0.0 |       0 |      39 |   0.0 |   977
        Lair:6 |       0 |   23642 |   0.0 |       0 |      92 |   0.0 |  1382
       Swamp:1 |       0 |   14397 |   0.0 |       0 |      41 |   0.0 |  1284
       Swamp:2 |       0 |   12019 |   0.0 |       0 |      32 |   0.0 |   878
       Swamp:3 |       0 |   10076 |   0.0 |       0 |      24 |   0.0 |  1018
       Swamp:4 |       0 |   31658 |   0.0 |       0 |      63 |   0.0 |  1366
      Spider:1 |       0 |   28253 |   0.0 |       0 |      75 |   0.0 |  1911
      Spider:2 |       0 |   10561 |   0.0 |       0 |      33 |   0.0 |   816
      Spider:3 |       0 |   10367 |   0.0 |       0 |      27 |   0.0 |   910
      Spider:4 |       0 |   18694 |   0.0 |       0 |      41 |   0.0 |   837
         Orc:1 |       0 |    3624 |   0.0 |       0 |      14 |   0.0 |   792
         Orc:2 |       0 |    8440 |   0.0 |       0 |      43 |   0.0 |   925
           Lab |       0 |    1038 |   0.0 |       0 |       1 |   0.0 |   452
         IceCv |       0 |    9597 |   0.0 |       0 |      56 |   0.0 |   975
               +---------+---------+-------+---------+---------+-------+---------

Table legend:
 A = Turns spent in this place as a percentage of turns spent in the entire game.
 B = Non-inter-level travel turns spent in this place as a percentage of non-inter-level travel turns spent in the entire game.
 C = Inter-level travel turns spent in this place as a percentage of turns spent in this place.
 D = Turns resting spent in this place as a percentage of non-inter-level travel turns spent in this place.
 E = Turns spent auto-exploring this place as a percentage of non-inter-level travel turns spent in this place.
 F = Non-inter-level travel turns spent in this place divided by the number of levels of this place that you've seen.
                   A       B       C       D       E      F
               +-------+-------+-------+-------+-------+----------------------
         Total | 100.0 | 100.0 |   6.1 |  19.0 |  44.3 | 938.1
       Dungeon |  44.5 |  44.7 |   5.6 |  17.7 |  50.1 | 951.0
        Temple |   0.4 |   0.4 |   4.9 |   0.0 |  97.8 | 136.0
          Lair |  19.3 |  18.0 |  12.5 |   8.4 |  50.5 | 955.5
         Swamp |  13.4 |  13.6 |   4.9 |  25.2 |  36.2 | 1081.2
   Spider Nest |  13.2 |  13.7 |   2.1 |  32.5 |  30.8 | 1094.8
  Orcish Mines |   5.1 |   5.1 |   5.0 |   8.6 |  56.2 | 816.0
     Labyrinth |   1.3 |   1.4 |   0.0 |  37.2 |   0.0 | 452.0
      Ice Cave |   2.9 |   3.1 |   0.0 |  25.5 |  14.1 | 975.0
               +-------+-------+-------+-------+-------+----------------------

Vault maps used:
D:1:      dpeg_chamrin_arrival_tetris
D:2:      chequers_ecumenical_altar_simple
D:3:      gammafunk_temple_overflow_arena, nicolae_ru_awakened_eye
D:4:      lemuel_crystal_altar, lemuel_doored_altar, serial_shops, shop
D:5:      temple_fountains, basic_altar, first_ration, uniq_duvessa
D:6:      kennysheep_six_static_rooms, minmay_statues_item,
          grunt_dithmenos_smoke_and_mirrors, uniq_prince_ribbit1
D:7:      uniq_joseph
D:8:      uniq_grum
D:9:      nicolae_qazlal_style_of_elements, david_orc_2
D:10:     cheibrodos_histonic, dpeg_lair_monsters, the_bakery, uniq_psyche
D:11:     minmay_glassy_protrusions, serial_shops, shop, shop,
          kennysheep_mini_moat, shop, shop
D:12:     basic_altar, serial_shops, shop
D:13:     david_vaults_4
D:14:     minivault_4
D:15:     gammafunk_enter_depths_forms, minmay_misc_feat_x,
          minmay_misc_feat_rows, uniq_sonja
Temple:   eino_temple_rhombus
Lair:1:   kennysheep_abandoned_house
Lair:3:   minmay_swamp_entry_worms, dummy_spider_entry, lab_entry_generic
Lair:4:   grunt_forest_large_clearings
Lair:5:   slime_altar_2, serial_bayou_shore_a
Lair:6:   evil_forest, st_stairs_6
Swamp:1:  evilmike_swamp_ruin_wall
Swamp:2:  cheibrodos_swamp_monstrosity, nicolae_swamp_stair_fork, swamp_pool1
Swamp:3:  nicolae_swamp_orc_logging_accident, infiniplex_staircase_pool
Swamp:4:  swamp, portal_ice_cave_entry_pillars_2
Spider:2: spider_trap
Spider:4: grunt_spider_rune_island
Orc:1:    nicolae_orc_accident_3
Orc:2:    st_orc_congregation, basic_altar, nicolae_orc_lava_tube,
          uniq_saint_roka
Lab:      nicolae_lab_dead_adventurers
IceCv:    ice_cave_caverns_02
